[Event "Marshall CC U2400 03-2025"]
[Site "New York"]
[Date "2025.03.23"]
[Round "3.1"]
[White "Muthukumar, Haari"]
[Black "Zhao, Austin"]
[Result "1-0"]
[Annotator "TA"]
[ECO "B40"]
[WhiteElo "2202"]
[BlackElo "1819"]
[PlyCount "119"]
[EventDate "2025.03.20"]
[EventType "swiss"]
[EventCountry "USA"]
[SourceTitle "playchess.com"]
[Source "ChessBase"]
[SourceQuality "1"]
[TimeControl "5400+30"]

1. e4 c5 2. Nf3 e6 3. d4 cxd4 4. Nxd4 Nf6 5. Nd2 Qc7 (5... d5 $11 {was preferable.}) 6. Nb5 $146 {[%emt 0:12:26] B40: Sicilian: 2...e6, Unusual lines.} (6. Bd3 d5 7. exd5 Nxd5 8. N2f3 Nf4 9. O-O Nxd3 10. cxd3 Nc6 11. Bg5 Bc5 12. Qe2 Be7 13. Rac1 O-O 14. Rfd1 Re8 15. b3 Nb4 16. Bxe7 Rxe7 17. Nh4 b6 18. Nb5 {½-½ Krstic,M (1627)-Andrejevic,M (1863) SRB-chT3 South 2017 (6.6)}) 6... Qc6 7. e5 Ne4 (7... a6 $1 $14) 8. Qg4 (8. Qf3 $142 a6 9. Nxe4 axb5 10. Bd3) 8... Nxd2 9. Bxd2 (9. Kxd2 a6 10. Nc3 Qc7 $15) 9... a6 {[%emt 0:06:42] [#]} 10. Nd6+ Bxd6 11. exd6 Qxd6 12. Qxg7 Qf8 {[%emt 0:00:27] Black is weak on the dark squares} 13. Qf6 Rg8 14. g3 Nc6 15. O-O-O $40 {[%emt 0:01:03][%mdl 128] White goes for the king.} Qe7 (15... d6 $142 16. Bd3 Qe7 17. Qxe7+ Kxe7 18. Bxh7 Rh8) 16. Qh6 $18 f6 17. Bc3 e5 18. Bc4 Rg6 19. Qe3 d6 20. Bd3 {[%emt 0:05:29] White has more active pieces.} f5 21. Be2 $1 Kd7 22. Bh5 Rg8 (22... Re6 $142 23. f4 Rh6) 23. f4 e4 $2 (23... Kc7 24. fxe5 dxe5) 24. Qb6 Qe6 {[%emt 0:04:43] Repels Rd5} 25. b3 Ke7 26. Be2 {[%emt 0:04:06] A strong pair of Bishops.} Rd8 27. Bc4 (27. g4 $142) 27... d5 28. Qc5+ Qd6 29. Rxd5 Qxc5 30. Rxc5 Be6 (30... Bd7 $16 31. Be2 Be6) 31. Bxe6 Kxe6 {[%emt 0:00:04] [#]} 32. g4 $1 fxg4 33. Rh5 {[%emt 0:00:57] Hoping for f5+.} Rf8 34. Re1 Rxf4 35. Bd2 $1 ({Much less strong is} 35. Rxh7 $6 Raf8 $16) 35... Rf7 36. Rxe4+ Kd7 37. Rxg4 Re8 38. Rgh4 Ree7 {[%emt 0:00:42] [#]} 39. Bg5 $1 Re2 40. Rxh7 Rxh7 41. Rxh7+ {[%emt 0:00:02][%mdl 4096] Endgame KRB-KRN. White is two pawns up.} Kc8 42. Bf4 Rf2 43. Bg3 Rf1+ (43... Rg2 {is a better defense.} 44. Kb1 (44. Rc7+ Kd8 $18) 44... Nd4) 44. Kb2 Nd4 45. Rc7+ Kd8 46. Rxb7 Ne2 47. Ra7 Nxg3 48. hxg3 {[%emt 0:00:05] KR-KR. White is 3 pawns up.} Rf6 49. c4 Rg6 50. Ka3 Kc8 51. Kb4 Kb8 52. Rf7 Rxg3 53. Ka5 {[%emt 0:00:22] White mates.} Rg2 54. Kxa6 Rxa2+ 55. Kb6 Kc8 56. b4 Ra4 57. Kb5 Ra3 58. c5 Rh3 59. Kb6 Rh6+ 60. c6 {[%emt 0:00:08] Weighted Error Value: White=0.32/Black=0.66  Mistake:       	White=2     	Black=6      Inaccurate:     	---       	Black=4      OK:         	White=22    	Black=12     Best:        	White=2     	Black=5      Strong:       	White=1     	---        Brilliant:      	White=2     	---} 1-0

[Event "Marshall CC U2400 03-2025"]
[Site "New York"]
[Date "2025.03.23"]
[Round "3.2"]
[White "Bonin, Jay"]
[Black "Li, Robert"]
[Result "1-0"]
[Annotator "TA"]
[ECO "C49"]
[WhiteElo "2120"]
[BlackElo "1785"]
[PlyCount "103"]
[EventDate "2025.03.20"]
[EventType "swiss"]
[EventCountry "USA"]
[SourceTitle "playchess.com"]
[Source "ChessBase"]
[SourceQuality "1"]
[TimeControl "5400+30"]

1. Nc3 Nf6 2. e4 e5 3. Nf3 Nc6 4. Bb5 Bb4 5. Bxc6 dxc6 6. d3 Bg4 {[%emt 0:01:50] The old main line. C49: Four Knights: 4 Bb5 Bb4.} 7. h3 Bxf3 8. Qxf3 Qd6 {[%emt 0:01:45] The position is equal.} 9. O-O $146 (9. Bd2 Nd7 10. a3 Bxc3 11. Bxc3 Nf8 12. Qg3 Ng6 13. h4 h5 14. Qg5 Qf6 15. Qf5 Qxf5 16. exf5 Ne7 17. Bxe5 Nxf5 18. Bf4 Kd7 {½-½ Vaibhav,S (2535)-Sangma,R (2382) Mumbai Mayors Cup 6th 2013 (6)}) 9... h6 10. Ne2 O-O-O 11. a3 Ba5 12. Be3 Bb6 13. Rad1 Qe6 14. c4 Bxe3 15. Qxe3 Kb8 16. f4 exf4 17. Qxf4 Rhe8 18. Ng3 c5 {[%emt 0:03:31] [#]} (18... Nd7 $11 {remains equal.}) 19. Nf5 $1 $16 Nh5 20. Qf2 (20. Qh4 $16) 20... Qe5 $14 21. b4 (21. g4 {simplifies} Nf6 22. Qh2 Nd7 23. Qxe5 Nxe5 24. Nxg7 Rg8 25. Nf5) 21... Qc3 22. Qxc5 (22. bxc5 Rxd3 23. c6 (23. Rxd3 Qxd3 24. c6 Qxc4 $15) 23... g6 (23... Rxe4 $2 24. Qc5 $18) (23... bxc6 24. Rb1+ Kc8 25. Qxa7 $16) (23... Qxa3 $2 24. Ra1 $18) (23... Qxc4 24. Rc1 $11) 24. Nxh6 Ng3 (24... Rxe4 25. Qc5 $11) (24... bxc6 25. Rb1+ Ka8 26. Rbc1 $14) (24... Qxc4 25. Rxd3 Qxd3 26. Nxf7 $16) 25. Rxd3 Qxd3 $11) (22. Qf3 $5) 22... Rxd3 23. Rxd3 Qxd3 24. Qd5 $40 {[%emt 0:12:20][%mdl 128] Black needs to defend precisely.} Rd8 ({Black should try} 24... Qxe4 $14 25. Qxf7 Qe2 (25... Nf4 $2 26. Rxf4 Qe5 27. Rf1 $18)) 25. Qxf7 $16 Ng3 {[%emt 0:01:11] [#]} 26. Nxg3 Qxg3 {[%emt 0:00:11][%mdl 4096] Endgame KQR-KQR. White is a pawn up.} 27. Qe7 Qd6 (27... Kc8 $16 28. c5 Qxa3) 28. Qxd6 cxd6 $18 {[%emt 0:00:07] KR-KR. White is a pawn up.} 29. Rf7 Rc8 30. Rxg7 Rxc4 31. Rd7 Rxe4 32. Rxd6 h5 33. Kf2 {[%emt 0:00:45] Against Re3} Kc7 34. Rh6 h4 35. Rg6 Rc4 36. Rg4 Rc2+ (36... b5 $16 {was necessary.} 37. Ke3 Rc3+ 38. Kd4 Rc2) 37. Kf3 Rc3+ 38. Kf4 Rxa3 39. Rxh4 a5 40. bxa5 Rxa5 (40... Ra4+ $142 41. Kg3 Ra3+ 42. Kh2 Rxa5) 41. g4 Kd6 $2 (41... b5 42. Rh7+ Kc6) 42. Rh6+ Kc7 43. Re6 b5 44. g5 b4 45. g6 {[%emt 0:01:07] And now g7 would win.} b3 46. g7 Ra8 47. Kf5 b2 48. Re1 Kd6 49. Kg6 Ra1 50. g8=Q {[%emt 0:00:11] White mates.} (50. g8=R Rxe1 51. Rb8 b1=Q+ $19 (51... b1=B+ 52. Kg5 $17) (51... b1=R $2 52. Ra8 $19)) 50... Rb1 51. Rd1+ Rxd1 52. Qd8+ {[%emt 0:00:10] Weighted Error Value: White=0.06 (flawless) /Black=0.62  Mistake:       	White=1     	Black=6      Inaccurate:     	White=2     	Black=3      OK:         	White=17    	Black=14     Best:        	White=2     	Black=3      Strong:       	White=1     	---} 1-0

[Event "Marshall CC U2400 03-2025"]
[Site "New York"]
[Date "2025.03.23"]
[Round "3.3"]
[White "Goel, Raben"]
[Black "Levin, Anthony"]
[Result "0-1"]
[Annotator "TA"]
[ECO "A21"]
[WhiteElo "1770"]
[BlackElo "1990"]
[PlyCount "210"]
[EventDate "2025.03.20"]
[EventType "swiss"]
[EventCountry "USA"]
[SourceTitle "playchess.com"]
[Source "ChessBase"]
[SourceQuality "1"]
[TimeControl "5400+30"]

1. c4 e5 2. Nc3 Nf6 3. g3 Bb4 4. Bg2 Bxc3 5. bxc3 O-O 6. d3 {[%emt 0:00:35] A21: English Opening: 1...e5 2 Nc3.} h6 7. e4 c6 8. Ne2 {[%emt 0:01:57] The position is equal.} d5 9. cxd5 cxd5 10. exd5 Nxd5 11. O-O Nc6 12. Qb3 $146 ({Predecessor:} 12. h3 Bf5 13. Kh2 Re8 14. Qb3 Nb6 15. Rd1 Qc7 16. Be3 Rad8 17. c4 Nd7 18. Nc3 {0-1 Czebe,A (2479)-Fressinet,L (2718) Corsica Masters rap 14th rapid 2010 (1.2)}) 12... Nb6 13. d4 exd4 14. cxd4 Be6 15. Qd1 Bd5 16. Bxd5 Qxd5 17. Be3 Rad8 18. Nc3 (18. Nf4 $15 Qe4 19. Qb1) 18... Qc4 {[%emt 0:00:00] Black has more active pieces.} (18... Qf5 $17) 19. Qb3 $15 Nxd4 20. Qxc4 (20. Bxd4 $15 Qxd4 (20... Rxd4 21. Nb5 $17) 21. Nb5) 20... Nxc4 $17 21. Bxd4 Rxd4 22. Rfe1 Rfd8 23. Rac1 Nb2 {[%emt 0:00:00] [#]} 24. Rb1 Nd3 25. Re7 Nc5 26. Rc7 $1 Rc4 (26... b6 $15 27. Rxa7 Rd3) 27. Nd1 $11 Rcd4 28. Ne3 Ne6 29. Rcxb7 R4d7 30. Kg2 h5 31. Rxd7 Rxd7 {[%emt 0:00:17][%mdl 4096] Endgame KRN-KRN} 32. Rb5 g6 33. h4 Kf8 34. Rb2 Rd4 35. Kf1 Ra4 36. Ke2 Nd4+ 37. Ke1 Kg7 38. Nc2 Nc6 39. a3 Ne5 40. Ke2 {[%emt 0:00:30] Dodges Nd3} Re4+ 41. Ne3 Ra4 42. Nc2 Rc4 43. Kd2 Ng4 44. Ke2 Rc3 45. a4 Rc4 46. Ra2 a5 47. Ne3 Nxe3 48. Kxe3 $15 {[%emt 0:00:10] KR-KR} Kf6 49. Kd3 Rb4 50. Kc3 Kf5 51. f3 f6 52. Kd3 g5 53. hxg5 fxg5 54. Rc2 Rxa4 55. Rc5+ $1 Kf6 56. Rc6+ Kf7 57. Rc7+ ({Better is} 57. Rc5 $11) 57... Ke6 58. Rc6+ Kd7 59. Rg6 g4 60. Rg5 gxf3 61. Rxh5 (61. Ke3 $15) 61... Ke6 (61... Ra3+ $17 62. Kd2 Ra2+ 63. Ke1 a4) 62. Rh6+ Kf5 63. Rh5+ $2 {[%emt 0:00:21][%mdl 8192] White is on the road to losing.} (63. Ke3 $11) 63... Kg6 $19 64. Rb5 (64. Rc5 $142 Ra2 65. Ke3) 64... Ra3+ 65. Kd2 a4 66. Ra5 Ra2+ ({Weaker is} 66... f2 67. Ke2 $17) 67. Ke1 Kf6 68. Kf1 Ke6 69. Ke1 $2 (69. Ra8) 69... a3 70. Kf1 Ra1+ 71. Kf2 {[%emt 0:00:05] [#]} a2 $1 72. Ra6+ Kd5 73. Ra5+ Kd6 (73... Kc4 $142 74. Ra8 Rh1 75. Rxa2 Rh2+ 76. Kxf3 Rxa2) 74. Ra6+ Kd5 75. Ra5+ (75. Kxf3 $2 {too greedy.} Rf1+ 76. Kg4 a1=Q $19 (76... a1=B 77. Kh3 $11) (76... a1=R $2 77. Rb6 $19)) 75... Kc4 {[%emt 0:00:10] White must now prevent ...Rh1.} 76. Ra4+ Kb3 77. Ra8 Rh1 78. Rxa2 Kxa2 79. Kxf3 {[%emt 0:00:12] KR-KP} Kb3 (79... Rg1 $142 80. Kf4 Kb3 81. Kg4 Kc3 82. Kf4 Kd4 83. g4 Rf1+ 84. Kg5 Kd5 85. Kh6 Rh1+ 86. Kg5 Ke5 87. Kg6 Rg1 88. Kg5 Rg3 89. Kh5 Kf6 (89... Kf4 90. Kg6 Kxg4 91. Kf7 Kf5 92. Ke7 Rd3 93. Kf7 Rd7+ 94. Ke8 Ke6 95. Kf8 Kf6 96. Kg8 Rb7 97. Kh8 Kg6 98. Kg8 Rb8#) 90. Kh4 Rg1 91. Kh3 Ke5 92. Kh4 Kf4 93. Kh5 Rxg4 94. Kh6 Kf5 95. Kh5 Re4 96. Kh6 Re7 97. Kh5 Rh7#) 80. g4 Kc4 {[%emt 0:00:11] Black mates.} 81. Kf4 Kd5 82. Kf5 Kd6 83. Kf6 Rf1+ 84. Kg6 Ke7 85. g5 Kf8 86. Kh7 Rh1+ 87. Kg6 Kg8 88. Kf6 Ra1 89. g6 Ra6+ 90. Kf5 Kg7 91. Ke5 Kxg6 {[%emt 0:00:10] KR-K} 92. Kd5 Kf5 93. Kd4 Ra5 94. Kc4 Ke4 95. Kb4 Rd5 96. Kc4 Rd8 97. Kc5 Rd4 98. Kc6 Rd5 99. Kc7 Ke5 100. Kb6 Kd6 101. Kb7 Rb5+ 102. Kc8 Kc6 103. Kd8 Rb7 104. Ke8 Kd6 105. Kd8 Rb8# {[%emt 0:00:09] Weighted Error Value: White=0.12 (very precise) /Black=0.09 (flawless)   Loses game:     	White=1     	---        Mistake:       	White=6     	Black=3      Inaccurate:     	White=8     	Black=7      OK:         	White=19    	Black=22     Best:        	White=4     	Black=7      Strong:       	White=2     	---} 0-1

[Event "Marshall CC U2400 03-2025"]
[Site "New York"]
[Date "2025.03.23"]
[Round "3.4"]
[White "Paruchuri, Naveen"]
[Black "Shen, Leo Xiaohang"]
[Result "1/2-1/2"]
[Annotator "TA"]
[ECO "D53"]
[WhiteElo "1847"]
[BlackElo "1968"]
[PlyCount "171"]
[EventDate "2025.03.20"]
[EventType "swiss"]
[EventCountry "USA"]
[SourceTitle "playchess.com"]
[Source "ChessBase"]
[SourceQuality "1"]
[TimeControl "5400+30"]

1. d4 d5 2. c4 c6 3. Nf3 Nf6 4. Nc3 e6 5. Bg5 Be7 6. e3 Nbd7 7. Bd3 dxc4 8. Bxc4 b5 9. Bd3 a6 10. Bxf6 {[%emt 0:01:05] D53: Queen's Gambit Declined: 4 Bg5 Be7: Early deviations.} Bxf6 11. Ne4 O-O 12. Rc1 {[%emt 0:01:58] White is slightly better.} Bb7 (12... Be7 $1 $14) 13. Nd6 $16 {[%emt 0:01:20] White is much more active. Excellent horsemanship.} Qc7 14. Nxb7 Qxb7 15. Qc2 {[%emt 0:00:12][%csl LRh7,Oc6] White attacks a weakness} Rac8 ({Black should play} 15... h5) 16. Bxh7+ Kh8 17. Be4 Qb6 18. b4 (18. Bxc6 $2 Nb8 19. O-O (19. d5 $2 exd5 20. Qf5 Nxc6 $19) 19... Rxc6 $19 (19... Nxc6 $2 20. Qe4 $19)) 18... a5 19. a3 (19. Bxc6 $2 Nb8 20. O-O (20. d5 $2 exd5 21. Qf5 axb4 $19) 20... Nxc6 (20... Qxc6 $2 21. Qb2 $19) 21. bxa5 Qxa5 $19) 19... axb4 $146 ({Predecessor:} 19... Be7 20. Qc3 axb4 21. axb4 f5 22. Bc2 Nf6 23. Ne5 Kh7 24. Qb3 Nd5 25. Nd7 Qc7 26. Nxf8+ Rxf8 {1-0 Prakhar,G (1310)-Sriram,B (1570) IND-ch U11 30th 2016 (6)}) 20. axb4 Be7 21. Qb3 (21. Bxc6 $2 {perishes.} Nb8 22. d5 exd5 $19 (22... Bxb4+ 23. Kf1 $17)) (21. Rb1 $16) 21... Nf6 $14 22. Nd2 Nd5 23. Bxd5 cxd5 24. O-O Qd6 25. Rc5 (25. Qd3 $16) 25... Qa6 $11 26. Rxc8 Rxc8 27. e4 Qc6 28. exd5 Qxd5 29. Qxd5 exd5 {[%emt 0:00:03][%mdl 4096] Endgame KRB-KRN. White is a pawn up.} 30. Rb1 f6 31. Kf1 Ra8 32. Ke2 Ra4 33. Nf1 Bxb4 34. Ne3 Bc3 35. Rxb5 Bxd4 36. Rxd5 Bxe3 37. fxe3 $14 {[%emt 0:02:36] KR-KR. White is a pawn up.} Kh7 38. Kf3 Ra2 39. h3 g5 40. h4 gxh4 {[%emt 0:00:32] The position is equal.} 41. Rh5+ Kg6 42. Rxh4 Ra3 43. Rg4+ Kf5 44. Rg8 Ke6 45. Re8+ Kf5 46. g4+ Kg6 47. Rg8+ Kf7 48. Rb8 Kg6 49. Rb5 Rc3 50. Kf4 Rc4+ 51. e4 Rc1 52. Rb3 Rf1+ 53. Rf3 Ra1 54. Rf2 Ra4 55. Re2 Rb4 56. Kf3 Kg5 57. Re3 $1 Ra4 58. Rd3 Ra1 59. Rd5+ Kg6 60. e5 fxe5 61. Rxe5 Ra3+ 62. Kf4 Ra4+ 63. Kg3 Ra3+ 64. Kh4 Ra6 65. Rg5+ Kh6 66. Rc5 Kg6 67. Rc8 Rb6 68. Rg8+ Kh7 69. Rg5 $1 Kh6 70. Rf5 Kg6 71. Re5 Ra6 72. Re4 Rb6 73. Rc4 Ra6 74. g5 Rb6 75. Kg4 Ra6 76. Kf4 Rb6 77. Re4 Ra6 78. Rd4 Rb6 79. Kg4 Ra6 80. Rf4 Rb6 81. Rf8 Rb4+ 82. Rf4 Rb6 83. Kh4 Ra6 84. Kg4 Rb6 85. Kh4 Ra6 86. Kg4 {[%emt 0:00:40] Weighted Error Value: White=0.10 (very precise) /Black=0.08 (flawless)   Mistake:       	White=2     	Black=2      Inaccurate:     	White=4     	Black=5      OK:         	White=17    	Black=29     Best:        	White=2     	Black=5      Strong:       	White=2     	---} 1/2-1/2

[Event "Marshall CC U2400 03-2025"]
[Site "New York"]
[Date "2025.03.23"]
[Round "3.5"]
[White "Belenky, Nicholas"]
[Black "Diao, Sujia"]
[Result "1-0"]
[Annotator "TA"]
[ECO "B90"]
[WhiteElo "1981"]
[BlackElo "1778"]
[PlyCount "63"]
[EventDate "2025.03.20"]
[EventType "swiss"]
[EventCountry "USA"]
[SourceTitle "playchess.com"]
[Source "ChessBase"]
[SourceQuality "1"]
[TimeControl "5400+30"]

1. e4 c5 2. Nf3 d6 3. d4 cxd4 4. Nxd4 Nf6 5. Nc3 a6 6. f3 e5 7. Nb3 Be6 8. Be3 Be7 9. Qd2 Nbd7 10. O-O-O b5 {[%emt 0:03:07] 10...b5 scores better than 10...0-0.} 11. g4 h6 12. h4 Nc5 {[%emt 0:04:36] B90: Sicilian Najdorf: Unusual White 6th moves, 6 Be3 Ng4 and 6 Be3 e5.} (12... Qc7 $11) 13. Be2 Nfd7 $146 ({Reject} 13... Nxb3+ 14. axb3 O-O 15. g5 $16) (13... Na4 $14) (13... Nxb3+ 14. cxb3 Rc8 15. Kb1 Nh7 16. g5 h5 17. f4 g6 18. f5 gxf5 19. exf5 Bxf5+ {0-1 Yang,A (1630)-Naveen,A PNWCC Online Blitz JP 22 2021 (3)}) 14. Nd5 Bxd5 {[%emt 0:06:34] White is better.} 15. Qxd5 {[%emt 0:00:12] And now Nxc5 would win.} Rc8 (15... Ne6 $14) 16. Kb1 {[%emt 0:06:49] White is more active.} (16. Nxc5 $16 Nxc5 17. g5) 16... Nb6 $14 17. Qd2 {[%emt 0:00:21] A sharp opening} Nba4 (17... Nca4 $14) 18. g5 $16 hxg5 (18... h5 $16 19. g6 O-O) 19. hxg5 $18 Rf8 {[%emt 0:03:05] [#]} 20. g6 $1 fxg6 21. Rdg1 Bf6 22. Rxg6 Qc7 23. Rhg1 Rd8 (23... Ne6 $16 24. Nc1 Nac5) 24. Bg5 Rd7 25. Bxf6 gxf6 26. Qh6 $2 {[%emt 0:01:44] [#]} (26. c4 $18) 26... Rdf7 (26... Rh7 $14 27. Qd2 Ne6) 27. Rg8 $36 {[%emt 0:01:43][%mdl 2048] Keeping Black busy.} Ne6 {[%emt 0:03:52] Prevents f4.} (27... Qe7 $16 {was worth a try.} 28. Nxc5 Nxc5) 28. Bf1 $2 (28. f4 $1 $18 Nxf4 29. Rxf8+ Rxf8 30. Rg7) 28... Nf4 (28... Ng5 $14 29. Rxf8+ Rxf8) 29. Rxf8+ $18 {[%emt 0:03:38] White is clearly winning.} Rxf8 30. Rg7 Qb6 31. Qh7 Nc5 32. Rc7 {[%emt 0:01:08] Weighted Error Value: White=0.46/Black=0.99  Loses game:     	---       	Black=2      Missed win:     	White=2     	---        Mistake:       	White=1     	Black=6      Inaccurate:     	White=2     	---        OK:         	White=6     	Black=3      Best:        	White=1     	Black=2} 1-0

[Event "Marshall CC U2400 03-2025"]
[Site "New York"]
[Date "2025.03.23"]
[Round "3.6"]
[White "Chan, Matthew"]
[Black "Lee, Rohan"]
[Result "1/2-1/2"]
[Annotator "TA"]
[ECO "B30"]
[WhiteElo "1835"]
[BlackElo "2003"]
[PlyCount "100"]
[EventDate "2025.03.20"]
[EventType "swiss"]
[EventCountry "USA"]
[SourceTitle "playchess.com"]
[Source "ChessBase"]
[SourceQuality "1"]
[TimeControl "5400+30"]

1. e4 c5 2. Nf3 Nc6 3. Bb5 e6 4. O-O Nge7 5. Re1 a6 6. Bf1 Ng6 7. c3 d5 8. exd5 {[%emt 0:01:23] B30: Sicilian: 2...Nc6 3 Bb5, lines without ...g6.} Qxd5 9. d4 Be7 10. Be3 {[%emt 0:01:41] White is better.} cxd4 11. Nxd4 (11. Bxd4 Nxd4 12. cxd4 O-O $11) 11... O-O 12. Nd2 $146 (12. g3 $14) (12. Qb3 Qd7 13. Nd2 e5 14. Nxc6 Qxc6 15. Bc4 Nh4 16. Bd5 Qg6 17. g3 Rd8 18. c4 {½-½ Kuhn,C (2350)-Maze,S (2561) FRA-chT Top 16 GpB 2024 (1.15)}) 12... e5 (12... Nxd4 $11 13. Bxd4 e5) 13. Nxc6 Qxc6 14. Nc4 Be6 15. Qe2 (15. Nb6 $11) 15... b5 16. Na5 Qc7 17. Nb3 f5 {[%emt 0:03:50] Black has a king side majority} 18. f3 Rac8 19. Qf2 (19. Rad1 $11 {keeps the balance.}) 19... Qc6 (19... Bxb3 $1 $17 20. axb3 f4) 20. f4 (20. Qc2 $11) 20... Bxb3 (20... Bd5 $15) 21. axb3 $11 Rce8 22. b4 exf4 (22... Nxf4 {looks sharper.} 23. Bxf4 exf4 24. Qxf4 Bd6) 23. Bxf4 Bd8 {[%emt 0:00:29] aiming for ...Bb6.} 24. Kh1 Re4 25. Be3 (25. Bg3 $1 $11 {and White stays safe.}) 25... Bh4 $36 {[%emt 0:06:10][%mdl 2048] White is under strong pressure.} 26. g3 Rxe3+ (26... Bxg3 $1 $19 {is more deadly.} 27. Qxg3 f4 (27... Rxe3+ 28. Bg2 $17)) 27. Bg2 $17 Rxe1+ 28. Qxe1 Qf6 29. gxh4 Nxh4 30. Bd5+ Kh8 31. Qe6 Qd8 (31... Qxe6 $1 $17 32. Bxe6 Rd8) 32. Rxa6 $11 Re8 $2 {[%emt 0:01:49][%mdl 8192] [#]} (32... Qg5 $11 {and Black stays safe.} 33. Ra1 Qd2) 33. Qxe8+ $3 $18 Qxe8 34. Ra8 Qxa8 35. Bxa8 {[%emt 0:00:05][%mdl 4096] Endgame KB-KN} g5 36. Bc6 Kg7 37. Bxb5 Kf6 38. Kg1 Ke5 39. Bc6 {[%emt 0:01:24] Prevents Nf3+} Ng6 40. b5 Kd6 41. b4 Ne5 (41... Kc7 $142 42. Bg2 Nf4) 42. Bg2 f4 43. Be4 $2 (43. Bf1 $18) 43... Kc7 44. Bxh7 Kb6 45. Bg8 {[%emt 0:02:13] and c4 should not be overlooked} Kxb5 46. Kg2 Ka4 {[%emt 0:03:24] [#]} (46... g4 $11) 47. Be6 (47. h3 $1 $16) 47... Kb5 {[%emt 0:00:11] [#]} ({Black should try} 47... g4 $14) 48. h4 gxh4 $11 {[%emt 0:02:15] The position is equal.} 49. Kh3 Nd3 50. Kxh4 Nxb4 {[%emt 0:01:12] Black escapes into a draw.   Weighted Error Value: White=0.30/Black=0.39  Loses game:     	White=1     	Black=2      Missed win:     	White=1     	---        Mistake:       	White=6     	Black=8      Inaccurate:     	White=3     	Black=6      OK:         	White=14    	Black=10     Best:        	White=6     	Black=3      Brilliant:      	White=1     	---} 1/2-1/2

[Event "Marshall CC U2400 03-2025"]
[Site "New York"]
[Date "2025.03.23"]
[Round "3.7"]
[White "Tse, Whitney"]
[Black "Dubey, Shiv"]
[Result "0-1"]
[Annotator "RC"]
[ECO "D80"]
[WhiteElo "1957"]
[BlackElo "1776"]
[PlyCount "42"]
[EventDate "2025.03.20"]
[EventType "swiss"]
[EventCountry "USA"]
[SourceTitle "playchess.com"]
[Source "ChessBase"]
[SourceQuality "1"]
[TimeControl "5400+30"]

1. d4 Nf6 2. c4 g6 3. Nc3 d5 4. Bg5 Bg7 5. Bxf6 Bxf6 6. cxd5 c5 7. dxc5 Nd7 8. Qa4 O-O 9. Qa3 Qc7 10. b4 a5 11. Rc1 axb4 12. Qxb4 Nxc5 13. e3 Bf5 14. Bc4 Ra4 15. Nb5 Qb6 16. Qd2 Rxc4 17. Rxc4 Nd3+ 18. Kd1 Nb2+ 19. Ke1 Nxc4 20. Qb4 Nb2 21. Qb3 Qa5+ 0-1

[Event "Marshall CC U2400 03-2025"]
[Site "New York"]
[Date "2025.03.23"]
[Round "3.8"]
[White "Marzouq, Chowdhury"]
[Black "Shah, Rohail"]
[Result "1/2-1/2"]
[Annotator "NA RC"]
[ECO "A90"]
[WhiteElo "1884"]
[BlackElo "1789"]
[PlyCount "83"]
[EventDate "2025.03.20"]
[EventType "swiss"]
[EventCountry "USA"]
[SourceTitle "playchess.com"]
[Source "ChessBase"]
[SourceQuality "1"]
[TimeControl "5400+30"]

1. d4 e6 2. Nf3 f5 3. g3 Nf6 4. Bg2 d5 5. O-O Bd6 6. c4 c6 7. b3 O-O 8. Ba3 Ne4 9. Ne5 {[%emt 0:10:12] A90: Dutch Defence: Miscellaneous and Modern Stonewall (with ...Bd6).} Bxa3 10. Nxa3 Qd6 11. Nc2 Nd7 12. Nd3 b6 13. e3 a5 14. a4 Ba6 15. f3 Nef6 16. cxd5 cxd5 17. Qd2 Rac8 18. Rfc1 g5 19. b4 Bxd3 20. Qxd3 axb4 21. Qd2 (21. Qb5 $11 {should be considered.}) 21... Rc4 22. Bf1 Rc7 ({Black should play} 22... b3 $1 $15 23. Bxc4 dxc4) 23. Nxb4 Rfc8 24. Na6 Rxc1 25. Rxc1 Rxc1 26. Qxc1 g4 27. f4 Ne4 28. Bd3 Ndf6 29. Bb5 Kf7 30. Qb2 Qf8 31. Nb4 Nd6 32. Nc6 Nxb5 33. axb5 Qa8 34. Qb4 Qa1+ 35. Kg2 Qa2+ 36. Kg1 Qa1+ 37. Kg2 Qa2+ 38. Kf1 Qa1+ 39. Ke2 Qa2+ 40. Kd3 Kg8 ({And not} 40... Qxh2 41. Qe7+ Kg8 42. Qxf6) (40... Kg6 $5 41. Ne5+ $8 Kh5 $11) 41. Ne5 Ne4 $11 (41... Qxh2 $2 {perishes.} 42. Qe7 Qh6 43. Qxe6+ Kg7 44. Qd6 $18 (44. Qxf5 Qh5 $18) (44. Qxb6 Qh1 $18)) 42. Nd7 1/2-1/2

[Event "Marshall CC U2400 03-2025"]
[Site "New York"]
[Date "2025.03.23"]
[Round "3.10"]
[White "McCoy, Boris"]
[Black "Yu, Vincent Zhiwen"]
[Result "0-1"]
[Annotator "NA RC"]
[ECO "A11"]
[WhiteElo "1781"]
[BlackElo "1859"]
[PlyCount "68"]
[EventDate "2025.03.20"]
[EventType "swiss"]
[EventCountry "USA"]
[SourceTitle "playchess.com"]
[Source "ChessBase"]
[SourceQuality "1"]
[TimeControl "5400+30"]

1. Nf3 Nf6 2. g3 g6 3. b3 Bg7 4. Bb2 d5 5. c4 O-O 6. Bg2 c6 7. O-O Bf5 8. d3 a5 9. Nbd2 {[%emt 0:01:17] A11: English Opening: 1...c6.} Nbd7 10. Rc1 Re8 11. Rc2 e5 12. cxd5 cxd5 13. Qa1 d4 14. Ng5 h6 15. Nge4 Nxe4 16. Nxe4 Bxe4 17. Bxe4 Qb6 18. Rfc1 Nf6 19. Bg2 Rad8 20. Rc4 h5 21. R1c2 Kh7 22. Bc1 e4 23. Bb2 (23. Bg5 $14) 23... exd3 24. exd3 Ng4 ({Black should play} 24... Nd5 $11) 25. Rc7 Qb4 26. Rxb7 Re1+ 27. Bf1 Rxf1+ ({Worse is} 27... Qxb7 28. Qxe1 Ne5 29. Be2 $16 (29. Qxa5 Nf3+ 30. Kh1 Nh4+ 31. Kg1 Nf3+ 32. Kh1 Nh4+ 33. Kg1 Nf3+ $11)) 28. Qxf1 Qxb7 29. Qc1 Qf3 30. Qd2 Re8 31. Bc1 Bh6 32. Qxa5 Re2 33. Rxe2 Qxe2 34. Qd2 Bxd2 0-1